 Dungeon Crawl Stone Soup version 0.30-a0-1053-gbd8d5ba0ad (webtiles) character file.

Game seed: 1962481964194318078

373 cheesebisquit the Trooper (level 6, -2/60 HPs)
             Began as a Draconian Venom Mage on Apr 12, 2023.
             Engulfed by a cloud of flame (15 damage)
             ... on level 4 of the Dungeon.
             The game lasted 00:10:17 (3385 turns).

cheesebisquit the Trooper (Draconian Venom Mage)    Turns: 3385, Time: 00:10:18

Health: -2/60      AC:  9    Str: 11    XL:     6   Next: 43%
Magic:  1/9        EV: 12    Int: 17    God:
Gold:   153        SH:  0    Dex: 11    Spells: 8/9 levels left

rFire   . . .      SeeInvis .    q - +1 flail
rCold   . . .      Faith    .    (no shield)
rNeg    . . .      Spirit   .    (body armour unavailable)
rPois   .          Reflect  .    (helmet restricted)
rElec   .          Rampage  .    y - +0 cloak
rCorr   +                        a - +1 Delatra's gloves {ID++}
Will    .....                    (no boots)
Stlth   ++                       (no amulet)
HPRegen 0.30/turn                x - ring of resist corrosion
MPRegen 0.11/turn                (no ring)

@: no status effects
A: AC +6, unfitting armour, cold-blooded
a: no special abilities


You were on level 4 of the Dungeon.
You visited 1 branch of the dungeon, and saw 4 of its levels.

You collected 153 gold pieces.

Inventory:

Hand Weapons
 f - a +0 club
 i - a +0 short sword
 q - a +1 flail (weapon)
Missiles
 c - 2 poisoned darts
 h - 2 datura-tipped darts
 r - 3 boomerangs
Armour
 a - the +1 Delatra's gloves (worn) {ID++}
   (You found it on level 2 of the Dungeon)

   ID++:      It heals its wearer when they drink unknown potions, and restores
   their MP when they read unknown scrolls.
 t - a +2 pair of gloves
 y - a +0 cloak (worn)
Jewellery
 x - a ring of resist corrosion (left hand)
 C - a ring of positive energy
Wands
 B - a wand of flame (15)
 D - a wand of mindburst (13)
Scrolls
 d - a scroll of poison {unknown}
 e - 3 scrolls of identify
 j - a scroll of noise {unknown}
 k - a scroll of vulnerability {unknown}
 l - 3 scrolls of blinking
 m - a scroll of fear {unknown}
 s - a scroll of enchant weapon
 u - a scroll of immolation
 v - a scroll of fog {unknown}
 F - a scroll of torment {unknown}
Potions
 b - a potion of haste {unknown}
 g - a potion of attraction {unknown}
 n - a potion of lignification
 o - a potion of berserk rage {unknown}
 p - 3 potions of degeneration
 z - a potion of mutation {unknown}
 A - a potion of flight {unknown}
 E - a potion of might {unknown}


   Skills:
 + Level 7.2 Fighting
 - Level 1.7 Dodging
 - Level 1.7 Stealth
 - Level 2.0 Spellcasting
 - Level 1.0 Transmutations
 - Level 3.0 Poison Magic


You had 8 spell levels left.
You knew the following spells:

 Your Spells              Type           Power      Damage    Failure   Level
a - Sting                 Tmut/Pois      32%        1d4       9%          1

Your spell library contained the following spells:

 Spells                   Type           Power      Damage    Failure   Level
 Poisonous Vapours        Pois/Air       12%        N/A       16%         2
 Kiss of Death            Conj/Necr      4%         2d5       19%         1
 Sandblast                Erth           2%         2d4       19%         1
 Passwall                 Tmut/Erth      2%         N/A       24%         2
 Mephitic Cloud           Conj/Pois/Air  5%         N/A       36%         3
 Confusing Touch          Hex            1%         N/A       50%         3
 Stone Arrow              Conj/Erth      2%         3d7       50%         3
 Olgreb's Toxic Radiance  Pois           11%        N/A       50%         4
 Dispel Undead            Necr           1%         3d6       88%         4


Dungeon Overview and Level Annotations

Branches:
Dungeon (4/15)
 Temple: D:4-7

Altars:


Innate Abilities, Weirdness & Mutations

Your plain brown scales are hard. (AC +6)
You cannot fit into any form of body armour.
You are cold-blooded and may be slowed by cold attacks.


Message History

The sting hits the ogre but does no damage.
The ogre looks even sicker.
The ogre is severely wounded.
The sting hits the ogre.
The ogre looks even sicker.
Flame seeps out of the ogre.
The ogre is almost dead.
The ogre is engulfed in blazing flames.
The ogre explodes!
The fiery explosion engulfs you!!
The gnoll hits you from afar with a +0 spear.
You hear a shout! x2
Your Fighting skill increases to level 7!
An endoplasm comes into view.
You are too injured to fight recklessly!
Aiming: Sting (safe; 9% risk of failure)
Press: ? - help, Q - select action, (/) - cycle Shift-Dir - straight line, f - gnoll
Aim: a gnoll, wielding a +0 spear (72% to hit)
The sting misses the gnoll.
The gnoll hits you but does no damage.
The gnoll hits you from afar with a +0 spear.
* * * LOW HITPOINT WARNING * * *
You see here a +0 giant spiked club.
The gnoll shouts!
The gnoll bouda barks out a call to the hunt!
The gnolls pick up the pace!
A gnoll comes into view. It is wielding a +0 spear.
The gnoll shouts!
You are too injured to fight recklessly!
Aiming: Sting (safe; 9% risk of failure)
Press: ? - help, Q - select action, (/) - cycle Shift-Dir - straight line, f/p - gnoll
Aim: a gnoll, wielding a +0 spear (covering ground quickly, 72% to hit)
The sting hits the gnoll but does no damage.
The gnoll is poisoned.
The gnoll hits you from afar with a +0 spear.
* * * LOW HITPOINT WARNING * * *
The gnoll throws a throwing net.
The throwing net completely misses you.
Okay, then.
Really walk into that cloud of flame?
You are engulfed in blazing flames.
You die...

### ##.. ######..# #...
#...#...# #...## #.......#
#....# #.......# .....##
###.#.....# ......
..#####@)§##.....#
#...####.......(§g.J....##
#..<...........g).......#
....#....##................g
..O. ................#.[.$.
# ....
.####......g.....#.... g.
..>. .# ...#...gg....#...
.S. .... .#
..###...........? .... ....
$. ## g.......##..##.....


You could see a gnoll bouda, 4 gnolls and an endoplasm.

Vanquished Creatures
  Sigmund (D:4)
  An ogre (D:4)
  An orc wizard (D:2)
  Ijyb (D:2)
  3 adders
  2 worms
  5 orcs
  3 ball pythons
  7 endoplasms
  2 giant cockroaches
  2 goblins
  5 hobgoblins
  2 jackals (D:3)
  2 kobolds
  A quokka (D:1)
  5 bats
  3 frilled lizards
  5 rats
51 creatures vanquished.

Notes
Turn   | Place    | Note
-------+----------+-------------------------------------------
     0 | D:1      | cheesebisquit the Draconian Venom Mage began the quest for
                  | the Orb.
     0 | D:1      | Reached XP level 1. HP: 14/14 MP: 3/3
   125 | D:1      | Reached skill level 1 in Fighting
   310 | D:1      | Reached XP level 2. HP: 24/24 MP: 3/5
   391 | D:1      | Reached skill level 2 in Fighting
  1561 | D:2      | Found the +1 Delatra's gloves {ID++}
  1586 | D:2      | Reached skill level 3 in Fighting
  1590 | D:2      | Reached XP level 3. HP: 10/31 MP: 6/6
  2184 | D:3      | Reached skill level 4 in Fighting
  2477 | D:3      | Reached XP level 4. HP: 40/40 MP: 2/7
  2856 | D:3      | Noticed Ijyb
  3022 | D:2      | Killed Ijyb
  3023 | D:2      | Reached skill level 5 in Fighting
  3277 | D:4      | Noticed an ogre
  3359 | D:4      | Noticed Sigmund
  3367 | D:4      | Killed Sigmund
  3368 | D:4      | Reached skill level 6 in Fighting
  3368 | D:4      | Reached XP level 5. HP: 51/51 MP: 4/8
  3368 | D:4      | Reached XP level 6. HP: 58/58 MP: 4/9
  3379 | D:4      | Reached skill level 7 in Fighting
  3385 | D:4      | Engulfed by a cloud of flame

Illustrated notes

Levels and vault maps discovered:
D:1:      noname_arrival_rooms_in_the_neighbourhood, layout_basic
D:2:      layout_rooms, nicolae_eternal_life, pf_guarded_unrand_delatra
D:3:      layout_basic, corexii_hall_statues_deadend, minmay_bisected, uniq_ijyb
D:4:      layout_cave_pools, chequers_serial_rivers_micro_e, corner_web_ring,
          dk_vineyard_3, uniq_sigmund

Skill      XL: |  1  2  3  4  5  6 |
---------------+-------------------+-----
Fighting       | 1 3 4 6 7 |  7.2
Dodging        | |  1.7
Stealth        | |  1.7
Spellcasting   | |  2.0
Transmutations | |  1.0
Poison Magic   | |  3.0

Action                     |  1- 3 |  4- 6 || total
---------------------------+-------+-------++-------
  Melee: Unarmed           |    23 |       ||    23
         Tailslap          |     3 |     3 ||     6
         Club              |     2 |       ||     2
         Short sword       |     2 |       ||     2
         Flail             |     3 |    38 ||    41
   Cast: Sting             |    65 |    40 ||   105
    Use: Potion            |     2 |     2 ||     4
         Scroll            |       |     4 ||     4
   Stab: Sleeping          |     1 |       ||     1
 Armour: Skin              |    22 |    28 ||    50
  Dodge: Dodged            |    39 |    39 ||    78

Table legend: (Time is in decaauts)
 A = Elapsed time spent in this place.
 B = Non-inter-level travel time spent in this place.
 C = Inter-level travel time spent in this place.
 D = Time resting spent in this place.
 E = Time spent auto-exploring this place.
 F = Levels seen in this place.
 G = Mean time per level.
                   A        B        C        D        E       F      G
               +--------+--------+--------+--------+--------+-----+--------+
         Total |   3402 |   3152 |    250 |    176 |   2492 |   4 |  850.5 |
       Dungeon |   3402 |   3152 |    250 |    176 |   2492 |   4 |  850.5 |
               +--------+--------+--------+--------+--------+-----+--------+

Top non-repeatable levels by time:
     D:1: 1231 daAuts
     D:3: 1077 daAuts
     D:2: 1064 daAuts
     D:4: 29 daAuts
